 Dungeon Crawl Stone Soup version 0.31.0 (webtiles) character file.

Game seed: 8744217364454440396

14630 monsoonserge the Geomancer (level 12, -13/66 HPs)
             Began as a Gargoyle Earth Elementalist on Jan 19, 2024.
             Was an Elder of Vehumet.
             Mangled by a komodo dragon (22 damage)
             ... on level 1 of the Lair of Beasts on Jan 20, 2024.
             The game lasted 01:08:22 (11670 turns).

monsoonserge the Geomancer (GrEE)                  Turns: 11670, Time: 01:08:23

Health: -13/66     AC: 22    Str: 14    XL:     12   Next: 18%
Magic:  1/20       EV: 12    Int: 19    God:    Vehumet [****..]
Gold:   595        SH:  5    Dex: 10    Spells: 7/22 levels left

rFire   . . .        O - +2 battleaxe
rCold   . . .        (shield currently unavailable)
rNeg    + . .        M - +0 acid dragon scales
rPois   ∞            p - +0 helmet
rElec   +            a - +0 cloak
rCorr   +            z - +1 Delatra's gloves {ID++}
SInv    .            (no boots)
Will    +....        L - amulet of reflection
Stlth   ++           Q - ring of willpower
HPRegen 0.31/turn    (no ring)
MPRegen 0.17/turn

%: reflection
@: no status effects
A: sickness immunity, AC +8, negative energy resistance 1, electricity
resistance, torment resistance 1, petrification resistance
a: Renounce Religion


You were on level 1 of the Lair of Beasts.
You worshipped Vehumet.
Vehumet was greatly pleased with you.
You visited 3 branches of the dungeon, and saw 12 of its levels.
You also visited: Sewer and Bailey.

You collected 911 gold pieces.
You spent 316 gold pieces at shops.

Inventory:

Hand Weapons
 g - a +0 flail of distortion
 w - a +2 hand axe of holy wrath
 B - a +5 falchion
 C - a +1 heavy halberd
 F - a +0 broad axe
 J - the +1 war axe of Nemelex Xobeh's Scorn {flame, rF- Str+7}
   (You found it in a bailey)

   Str+7:     It affects your strength (+7).
   rF-:       It makes you vulnerable to fire.
 O - a +2 battleaxe (weapon)
 P - a +2 spear of freezing
Missiles
 t - 30 poisoned darts (quivered)
 y - 12 curare-tipped darts
 E - 29 boomerangs
 I - 8 datura-tipped darts
Armour
 a - a +0 cloak (worn)
 p - a +0 helmet (worn)
 x - a +3 leather armour of fire resistance
 z - the +1 Delatra's gloves (worn) {ID++}
   (You found it on level 5 of the Dungeon)

   ID++:      It heals its wearer when they drink unknown potions, and restores
   their MP when they read unknown scrolls.
 G - the +3 leather armour of the Beginning {Fly rElec rF- Str-2}
   (You took it off a kobold in a bailey)

   Str-2:     It affects your strength (-2).
   rF-:       It makes you vulnerable to fire.
   rElec:     It insulates you from electricity.
   Fly:       It grants you flight.
 K - the +0 buckler "Garaenk" {Rampage rC- Dex+2}
   (You bought it in a shop on level 7 of the Dungeon)

   Dex+2:     It affects your dexterity (+2).
   rC-:       It makes you vulnerable to cold.
   Rampage:   It bestows one free step when moving towards enemies.
 M - +0 acid dragon scales (worn)
Jewellery
 L - an amulet of reflection (around neck)
 Q - a ring of willpower (left hand)
Talismans
 R - a maw talisman
Wands
 N - a wand of roots (9)
 V - a wand of light (3)
Scrolls
 c - 5 scrolls of identify
 f - a scroll of immolation {unknown}
 i - 4 scrolls of enchant weapon
 k - 3 scrolls of enchant armour
 l - 2 scrolls of fog
 m - a scroll of brand weapon
 q - 3 scrolls of poison
 r - 3 scrolls of torment
 u - a scroll of summoning {unknown}
 H - 2 scrolls of teleportation
 S - a scroll of silence {unknown}
 T - a scroll of vulnerability {unknown}
Potions
 b - 4 potions of magic
 d - 8 potions of curing
 e - 3 potions of brilliance {unknown}
 h - 2 potions of heal wounds
 j - 3 potions of lignification {unknown}
 n - 2 potions of attraction
 o - a potion of enlightenment {unknown}
 s - 2 potions of might {unknown}
 v - a potion of cancellation {unknown}
 A - a potion of haste
 D - 2 potions of degeneration {unknown}
 U - a potion of berserk rage {unknown}


   Skills:
 + Level 3.6 Fighting
 + Level 5.3(5.4) Axes
 + Level 1.0(3.8) Maces & Flails
 + Level 1.4 Throwing
 * Level 9.2 Armour
 + Level 4.3 Dodging
 - Level 3.0 Stealth
 + Level 1.1 Shields
 + Level 5.9 Spellcasting
 * Level 8.5 Conjurations
 - Level 2.0 Air Magic
 + Level 13.1 Earth Magic
 - Level 2.0 Alchemy


You had 7 spell levels left.
You knew the following spells:

 Your Spells              Type           Power      Damage    Failure   Level
a - Sandblast             Erth           100%       2d20      1%          1
b - Stone Arrow           Conj/Erth      92%        3d12      1%          3
c - Brom's Barrelling Bo  Conj/Erth      46%        2d6       1%          4
d - Petrify               Alch/Erth      34%        N/A       7%          4
e - Mephitic Cloud        Conj/Alch/Air  21%        N/A       2%          3

Your spell library contained the following spells:

 Spells                   Type           Power      Damage    Failure   Level
 Ignite Poison            Fire/Alch      9%         N/A       24%         4
 Shock                    Conj/Air       100%       1d9       1%          1
 Static Discharge         Conj/Air       50%        3-6/arc   1%          2
 Passwall                 Erth           54%        N/A       1%          3
 Mercury Vapours          Alch/Air       26%        N/A       2%          2
 Dazzling Flash           Conj/Hex       42%        N/A       2%          3
 Hailstorm                Conj/Ice       21%        3d7       2%          3
 Freeze                   Ice            20%        1d4       4%          1
 Frozen Ramparts          Ice            10%        1d2       12%         3
 Airstrike                Air            6%         2d(1-17)  17%         4
 Swiftness                Air            13%        N/A       21%         3
 Fugue of the Fallen      Necr           5%         N/A       41%         3
 Ozocubu's Armour         Ice            5%         N/A       41%         3
 Manifold Assault         Tloc           5%         N/A       83%         4
 Silence                  Hex/Air        4%         N/A       95%         5
 Curse of Agony           Necr           5%         N/A       99%         5
 Metabolic Englaciation   Hex/Ice        2%         N/A       99%         5
 Sculpt Simulacrum        Ice/Alch       4%         N/A       100%        6
 Chain Lightning          Conj/Air       12%        3d16      100%        9


Dungeon Overview and Level Annotations

Branches:
Dungeon (10/15)            Temple (1/1) D:7            Lair (1/5) D:8
  Sewer (visited)          Bailey (visited)
    Orc: D:9-12

Altars:
Ashenzari
Cheibriados
Dithmenos
Elyvilon
Fedhas
Gozag
Hepliaklqana
Kikubaaqudgha
Makhleb
Nemelex Xobeh
Okawaru
Qazlal
Ru
Sif Muna
Trog
Uskayaw
Vehumet
Wu Jian
Xom
Yredelemnul
Zin
The Shining One

Shops:
D:3 =!   D:7 [?==

Portals:
Abyss: D:5

Annotations:
D:2 Robin
D:5 2 transporters, Sobieck's ghost, amateur OnBe
D:7 2 transporters, Menkaure
D:10 Fannar; Grum


Innate Abilities, Weirdness & Mutations

You are immune to sickness and miasma.
Your stone body is resilient. (AC +8)
You are immune to poison.
You resist negative energy. (rN+)
You are resistant to electric shocks. (rElec)
You are resistant to unholy torment.
You are immune to petrification.


Message History

Press: ? - help, Shift-Dir - straight line, f - komodo dragon
Aim: a komodo dragon (82% to hit)
The stone arrow hits the komodo dragon!
The komodo dragon is lightly wounded.
The komodo dragon barely misses you.
Unknown command.
Casting: Stone Arrow (safe; 1% risk of failure)
Confirm with . or Enter, or press ? or * to list all spells.
You don't have enough magic to cast this spell.
Unknown command.
You hit the komodo dragon.
The komodo dragon is moderately wounded.
You hit the plant.
A nearby plant withers and dies.
The komodo dragon closely misses you.
You closely miss the komodo dragon.
The komodo dragon is moderately wounded.
The komodo dragon bites you but does no damage.
The komodo dragon bites you.
Casting: Stone Arrow (safe; 1% risk of failure)
Confirm with . or Enter, or press ? or * to list all spells.
Aiming: Sandblast (safe; 1% risk of failure)
Press: ? - help, Shift-Dir - straight line, f/p - komodo dragon
Aim: a komodo dragon (lightly wounded, 89% to hit)
The blast of sand hits the komodo dragon!
The komodo dragon is heavily wounded.
The komodo dragon bites you but does no damage.
Unknown command.
You hit the komodo dragon.
The komodo dragon is severely wounded.
The komodo dragon bites you but does no damage.
The komodo dragon bites you!
You hit the komodo dragon but do no damage.
The komodo dragon is severely wounded.
The komodo dragon closely misses you.
You hit the komodo dragon.
The komodo dragon is severely wounded.
The komodo dragon bites you!
* * * LOW HITPOINT WARNING * * *
The komodo dragon bites you!!
You die...

## ##.## #P.PP## PP.().P##
P$...PPP###
.......P..############ ##
P..PP..P..##.##.#.##P####.
...PP..†.###..#...........
PPPPPP.†.@##..............
.PPPPP..l###.....#.##.....
.PPPPP...###.#.).####P....
.##PPP.P..PPP...P##......#.......
#.#PP.PP.........##......#....#..
.........P.P....PP......#....#..
#............................#..
##...............................
#.............................P..


You could see a komodo dragon.

Vanquished Creatures
  A two-headed ogre (D:9)
  3 death yaks (D:8)
  A skyshark (Lair:1)
  2 orc knights (Bailey)
  A black mamba (Lair:1)
  2 cane toads (Lair:1)
  2 komodo dragons (Lair:1)
  A polar bear (Lair:1)
  A troll (D:7)
  A hornet (D:8)
  5 blink frogs
  2 wyverns
  2 basilisks
  8 yaks (D:9)
  An acid dragon (D:8)
  5 water moccasins
  9 orc warriors
  2 black bears
  3 ice beasts
  2 wolves (D:9)
  3 centaurs
  3 phantoms
  7 kobold brigands
  Blork the orc (D:6)
  2 brain worms (Sewer)
  6 bullfrogs
  5 scorpions
  22 wights
  A howler monkey (D:9)
  2 electric eels (Lair:1)
  3 jellies
  A gnoll bouda (D:6)
  3 orc priests
  3 hounds
  6 hell rats
  An iguana (D:4)
  11 orc wizards
  5 gnolls (D:6)
  16 adders
  5 river rats
  2 ufetubi (D:5)
  2 ribbon worms (D:3)
  4 dart slugs
  38 orcs
  6 endoplasms
  3 giant cockroaches (D:3)
  7 goblins
  8 hobgoblins
  10 jackals
  4 quokkas
  12 ball pythons
  5 bats
  6 frilled lizards
  32 kobolds
  12 rats
311 creatures vanquished.

Vanquished Creatures (collateral kills)
  4 boulders
4 creatures vanquished.

Vanquished Creatures (others)
  A boulder (D:7)
1 creature vanquished.

Grand Total: 316 creatures vanquished

Notes
Turn   | Place    | Note
-------+----------+-------------------------------------------
     0 | D:1      | monsoonserge the Gargoyle Earth Elementalist began the
                  | quest for the Orb.
     0 | D:1      | Reached XP level 1. HP: 10/10 MP: 3/3
   192 | D:1      | Reached XP level 2. HP: 12/15 MP: 3/5
   195 | D:1      | Reached skill level 4 in Earth Magic
   502 | D:1      | Found a faded altar of an unknown god.
   544 | D:1      | Reached XP level 3. HP: 19/19 MP: 4/6
  1498 | D:2      | Noticed Robin
  1531 | D:3      | Found Vohiary's Jewellery Shop.
  1547 | D:3      | Reached XP level 4. HP: 21/24 MP: 3/8
  1671 | D:3      | Found a snail-covered altar of Cheibriados.
  1852 | D:3      | Found a glowing drain.
  1868 | Sewer    | Entered a sewer
  1970 | Sewer    | Reached skill level 5 in Earth Magic
  2150 | Sewer    | Reached skill level 1 in Armour
  2157 | Sewer    | Reached XP level 5. HP: 28/28 MP: 6/9
  2229 | Sewer    | Reached skill level 6 in Earth Magic
  2229 | Sewer    | Reached XP level 6. HP: 32/32 MP: 7/10
  2706 | D:3      | Found Xinoafir's Distillery.
  2788 | D:3      | Found a blossoming altar of Fedhas.
  2791 | D:3      | Found a radiant altar of Vehumet.
  2791 | D:3      | Found a shimmering altar of Xom.
  2793 | D:3      | Found a glowing silver altar of Zin.
  2793 | D:3      | Found an opulent altar of Gozag.
  2793 | D:3      | Found a shadowy altar of Dithmenos.
  2868 | D:3      | Bought a potion of heal wounds for 55 gold pieces
  2868 | D:3      | Bought a potion of curing for 33 gold pieces
  2909 | D:4      | Learned a level 3 spell: Stone Arrow
  2914 | D:4      | Learned a level 4 spell: Brom's Barrelling Boulder
  2966 | D:4      | Found an ornate altar of the Wu Jian Council.
  3024 | D:4      | Found a bloodstained altar of Trog.
  3169 | D:4      | Found a glowing golden altar of the Shining One.
  3177 | D:4      | Reached skill level 1 in Maces & Flails
  3177 | D:4      | Reached skill level 7 in Earth Magic
  3177 | D:4      | Reached XP level 7. HP: 36/36 MP: 8/11
  3627 | D:5      | Entered Level 5 of the Dungeon
  4232 | D:5      | Noticed a toenail golem
  4362 | D:5      | Found a radiant altar of Vehumet.
  4366 | D:5      | Found a stormy altar of Qazlal.
  4404 | D:5      | Became a worshipper of Vehumet
  4694 | D:5      | Found a transporter.
  4770 | D:5      | Reached skill level 8 in Earth Magic
  4776 | D:5      | Reached XP level 8. HP: 41/41 MP: 9/12
  4799 | D:5      | Found a transporter.
  4801 | D:5      | Found a hide-covered altar of Uskayaw.
  4848 | D:5      | Found a one-way gate to the infinite horrors of the Abyss.
  4848 | D:5      | Noticed Sobieck's ghost (amateur OnBe)
  5113 | D:5      | Found the +1 Delatra's gloves {ID++}
  5417 | D:6      | Reached * piety under Vehumet
  5417 | D:6      | Offered knowledge of Sting by Vehumet.
  5418 | D:6      | Reached skill level 9 in Earth Magic
  5883 | D:6      | Reached XP level 9. HP: 43/46 MP: 11/15
  5885 | D:6      | Reached skill level 1 in Fighting
  5888 | D:6      | Reached skill level 5 in Armour
  5987 | D:6      | Reached skill level 10 in Earth Magic
  6058 | D:6      | Noticed Blork the orc
  6062 | D:6      | Killed Blork the orc
  6063 | D:6      | Reached skill level 5 in Conjurations
  6439 | D:7      | Noticed a troll
  6439 | D:7      | Found Seenno's Magic Scroll Emporium.
  6439 | D:7      | Found Affixed's Antique Armour Shoppe.
  6452 | D:7      | Killed a troll
  6463 | D:7      | Found an ancient bone altar of Kikubaaqudgha.
  6466 | D:7      | Noticed Menkaure
  6512 | D:7      | Found a basalt altar of Yredelemnul.
  6519 | D:7      | Found a flagged portal.
  6557 | D:8      | Reached ** piety under Vehumet
  6558 | D:8      | Offered knowledge of Magic Dart by Vehumet.
  6571 | D:7      | Reached skill level 11 in Earth Magic
  6587 | Bailey   | Entered a bailey
  6650 | Bailey   | Reached skill level 1 in Axes
  6717 | Bailey   | Identified the +3 leather armour of the Beginning {Fly
                  | rElec rF- Str-2}
  6770 | Bailey   | Noticed an orc knight
  6775 | Bailey   | Noticed an orc knight
  6786 | Bailey   | Killed an orc knight
  6787 | Bailey   | Reached XP level 10. HP: 36/52 MP: 12/16
  6810 | Bailey   | Offered knowledge of Static Discharge by Vehumet.
  6931 | Bailey   | Killed an orc knight
  6932 | Bailey   | Reached skill level 1 in Throwing
  6932 | Bailey   | Reached skill level 12 in Earth Magic
  6936 | Bailey   | Found a burning altar of Makhleb.
  6951 | Bailey   | Identified the +1 war axe of Nemelex Xobeh's Scorn {flame,
                  | rF- Str+7}
  7122 | D:7      | Found a transporter.
  7127 | D:7      | Found a transporter.
  7230 | D:7      | Found a staircase to the Ecumenical Temple.
  7239 | Temple   | Entered the Ecumenical Temple
  7290 | D:7      | Bought an ancient buckler for 228 gold pieces
  7290 | D:7      | Identified the +0 buckler "Garaenk" {Rampage rC- Dex+2}
                  | (You bought it in a shop on level 7 of the Dungeon)
  7348 | D:7      | Found Wiusefuc's Jewellery Boutique.
  7379 | D:7      | Learned a level 4 spell: Petrify
  7383 | D:7      | Learned a level 3 spell: Mephitic Cloud
  7499 | D:7      | Found Tusosaj's Jewellery Shop.
  7650 | D:8      | Reached *** piety under Vehumet
  8098 | D:8      | Reached skill level 1 in Air Magic
  8101 | D:8      | Reached skill level 1 in Alchemy
  8246 | D:8      | Offered knowledge of Olgreb's Toxic Radiance by Vehumet.
  8392 | D:8      | Noticed a death yak
  8392 | D:8      | Noticed a death yak
  8393 | D:8      | Noticed a death yak
  8486 | D:8      | Found a staircase to the Lair.
  8926 | D:9      | Noticed a two-headed ogre
  9005 | D:8      | Killed a death yak
  9006 | D:8      | Reached XP level 11. HP: 59/59 MP: 10/18
  9019 | D:8      | Killed a death yak
  9144 | D:8      | Killed a death yak
  9384 | D:9      | Reached **** piety under Vehumet
  9451 | D:9      | Killed a two-headed ogre
  9452 | D:9      | Reached skill level 5 in Spellcasting
 10027 | D:9      | Offered knowledge of Ignite Poison by Vehumet.
 10191 | D:10     | Entered Level 10 of the Dungeon
 10225 | D:10     | Noticed Grum
 10225 | D:10     | Noticed a two-headed ogre
 10411 | D:10     | Noticed Fannar
 10459 | Lair:1   | Entered Level 1 of the Lair of Beasts
 10525 | Lair:1   | Reached skill level 5 in Axes
 10616 | Lair:1   | Noticed a skyshark
 10843 | D:8      | Reached skill level 13 in Earth Magic
 11030 | Lair:1   | Killed a skyshark
 11031 | Lair:1   | Reached XP level 12. HP: 25/65 MP: 5/20
 11439 | Lair:1   | Reached skill level 1 in Shields
 11628 | Lair:1   | Got the Elucidation of the Zephyr
 11670 | Lair:1   | Mangled by a komodo dragon

Illustrated notes

Levels and vault maps discovered:
D:1:      noname_arrival_rooms_in_the_neighbourhood, layout_loops_ring,
          chequers_ecumenical_altar_lobes
D:2:      layout_basic, uniq_robin
D:3:      minmay_evil_eye, layout_rooms, mainiacjoe_overflow_24_doors,
          doesnt_xom_only_xom, serial_shops, nicolae_shop_tiny_waterfront, shop,
          portal_sewer_entry_f, grunt_decor_arrowhead, glass_columns_c
D:4:      layout_loops_ring, mainiacjoe_overflow_catwalk,
          mainiacjoe_overflow_brackets, mainiacjoe_overflow_boulevard
D:5:      layout_loops_ring, mainiacjoe_overflow_alcove_1,
          mainiacjoe_overflow_catwalk_spiral, gammafunk_ghost_abyssal_escape,
          pf_guarded_unrand_delatra
D:6:      layout_basic, uniq_blork_the_orc
D:7:      layout_rooms, gammafunk_temple_of_torment, temple_hall,
          enter_bailey_4, serial_shops, shop, shop, nicolae_shop_peninsula, shop
D:8:      layout_basic, dpeg_lair_monsters, grunt_ministairs_11, minmay_circle_x
D:9:      layout_gridville
D:10:     layout_rooms, uniq_fannar, uniq_grum
Temple:   hellmonk_temple_two_chambers
Lair:1:   minmay_lair_venomous_thicket, layout_gridlike,
          chequers_serial_rivers_large_a, infiniplex_staircase_pool,
          serial_bayou_shore_b, grunt_megastairs_1, serial_bayou_shore_a

Skill      XL: |  1  2  3  4  5  6  7  8  9 10 11 12 |
---------------+-------------------------------------+-----
Earth Magic    | 4 5 6 7 8 9 11 12 13 | 13.1
Spellcasting   | 3 4 5 |  5.9
Armour         | 1 2 3 4 6 7 9 |  9.2
Conjurations   | 2 3 4 5 7 8 |  8.5
Dodging        | 2 3 4 |  4.3
Maces & Flails | 1 |  1.0
Stealth        | 3 |  3.0
Fighting       | 1 2 3 |  3.6
Axes           | 1 3 5 |  5.3
Throwing       | 1 |  1.4
Air Magic      | 1 2 |  2.0
Alchemy        | 1 2 |  2.0
Shields        | 1 |  1.1

Action                     |  1- 3 |  4- 6 |  7- 9 | 10-12 || total
---------------------------+-------+-------+-------+-------++-------
  Melee: Flail             |    21 |    17 |       |       ||    38
         Hand axe          |       |     2 |    48 |    89 ||   139
         Battleaxe         |       |       |       |    98 ||    98
  Throw: Dart              |       |       |     8 |     3 ||    11
   Cast: Sandblast         |    54 |    78 |   160 |    49 ||   341
         Stone Arrow       |       |       |    13 |   136 ||   149
         Brom's Barrelling |       |       |     1 |     7 ||     8
         Mephitic Cloud    |       |       |       |     9 ||     9
    Use: Scroll            |       |       |     6 |     1 ||     7
         Potion            |       |       |     3 |     2 ||     5
   Stab: Sleeping          |     2 |       |     2 |     2 ||     6
         Confused          |       |       |       |     5 ||     5
 Armour: Robe              |    16 |       |       |       ||    16
         Leather armour    |     8 |    36 |   175 |    46 ||   265
         Acid dragon scale |       |       |       |   211 ||   211
  Dodge: Dodged            |    30 |    29 |   142 |   204 ||   405
  Block: Other             |       |       |       |    42 ||    42
